 Dungeon Crawl Stone Soup version 0.30-a0-576-g89cddaab80 (webtiles) character file.

Game seed: 1432145124522374527

65 kae the Insei (level 3, -1/39 HPs)
             Began as a Demonspawn Transmuter on Dec 30, 2022.
             Slain by an orc
             ... wielding a +2 mace of holy wrath
              (6 damage)
             ... on level 3 of the Dungeon.
             The game lasted 00:02:22 (2322 turns).

kae the Insei (Demonspawn Transmuter)               Turns: 2322, Time: 00:02:23

Health: -1/39      AC: 21    Str: 16    XL:     3   Next: 92%
Magic:  5/6        EV:  2    Int: 16    God:
Gold:   165        SH:  0    Dex: 15    Spells: 0/6 levels left

rFire   . . .      SeeInvis .      - Unarmed
rCold   . . .      Faith    .    (no shield)
rNeg    . . .      Spirit   .    (body armour currently unavailable)
rPois   +          Reflect  .    (helmet currently unavailable)
rElec   .          Harm     .    (cloak currently unavailable)
rCorr   .          Rampage  .    (gloves currently unavailable)
Will    .....      NoTele   +    (boots currently unavailable)
Stlth   ++                       (no amulet)
HPRegen 0.26/turn                S - +6 ring of strength
MPRegen 0.10/turn                (no ring)

@: tree-form
A: stationary, stasis, torment immunity, boosted hp, thin skeletal structure 1,
powered by pain 1
a: no special abilities


You were on level 3 of the Dungeon.
You were a tree.
You visited 1 branch of the dungeon, and saw 3 of its levels.

You collected 225 gold pieces.
You spent 60 gold pieces at shops.


Innate Abilities, Weirdness & Mutations

You are a tree.
Your roots penetrate the ground, keeping you stationary.
You cannot be teleported.
You are immune to unholy pain and torment.
Your maximum health is greatly increased.
Your equipment is partially melded.
You have a somewhat thin skeletal structure. (Dex +2, Stealth+)
You sometimes gain a little power by taking damage.


   Skills:
 - Level 1.0 Fighting
 - Level 1.7 Dodging
 + Level 3.1 Unarmed Combat
 + Level 2.4 Spellcasting
 * Level 2.9 Transmutations
 * Level 1.0 Poison Magic


You couldn't memorise any spells.
You knew the following spells:

 Your Spells              Type           Power      Damage    Failure   Level
a - Beastly Appendage     Tmut           22%        N/A       6%          1
b - Wereblood             Tmut           11%        N/A       9%          2
c - Spider Form           Tmut/Pois      8%         N/A       26%         3

Your spell library contained the following spells:

 Spells                   Type           Power      Damage    Failure   Level
 Passwall                 Tmut/Erth      5%         N/A       17%         2
 Sandblast                Erth           2%         2d4       21%         1
 Sublimation of Blood     Necr           1%         N/A       30%         2
 Stone Arrow              Conj/Erth      2%         3d7       52%         3
 Ice Form                 Ice/Tmut       6%         N/A       73%         4
 Summon Hydra             Summ           0%         N/A       100%        7

Inventory:

Missiles
 g - 12 stones
Armour
 a - a +0 robe (melded)
Jewellery
 C - a ring of ice
   (You found it on level 1 of the Dungeon)
 S - a +6 ring of strength (left branch)
   (You found it on level 2 of the Dungeon)
Wands
 h - a wand of polymorph (2)
   (You found it on level 2 of the Dungeon)
Scrolls
 f - 2 scrolls of magic mapping {!r}
Potions
 c - a potion of degeneration {!q}
 d - a potion of mutation {unknown}
 e - a potion of berserk rage {!q}
 j - a potion of brilliance {unknown}
 k - a potion of might {unknown}

Dungeon Overview and Level Annotations

Branches:
Dungeon (3/15) Zot: 15683

Altars:
Dithmenos

Shops:
D:1 * D:2

[ #............# #.#.#.#
#......####### #.#.#.#
#......##### ######'#.#.#
#......#...###........#.#
.... #..............#.#
.... #..............#.#
.)... #.......##########
......#o......# ##8#
......o♣......# 8...
......#o..##.### $...
..... #...##..#_.. ....
.?.. #...######........
... #...# ##8...8... ..
##### ##8###8# . ######
#.#.# #.#.#


You could see 3 orcs.


Message History

A goblin is nearby!
Casting: Beastly Appendage (safe; 6% risk of failure)
Confirm with . or Enter, or press ? or * to list all spells.
You grow a pair of large bovine horns.
Your feet morph into talons. 😎 MP[-1]
You lost 1 mp, and now have 5/6 mp.
Unknown command.
Unknown command.
The helpless goblin fails to defend itself.
You hit the goblin. Your kick misses the goblin.
Your headbutt misses the goblin. The goblin closely misses you.
You barely miss the goblin. You headbutt the goblin.
You kill the goblin!
No target in view!
No target in view!
Okay, then.
Your transformation is almost over.
Your horns disappear.
Your talons disappear.
A giant cockroach comes into view. 😎 MP[+1]
Your mp is fully restored (6).
A giant cockroach is nearby!
Unknown command.
Casting: Beastly Appendage (safe; 6% risk of failure)
Confirm with . or Enter, or press ? or * to list all spells.
You grow a pair of large bovine horns.
Your feet morph into talons. 😎 MP[-1]
You lost 1 mp, and now have 5/6 mp.
The helpless giant cockroach fails to defend itself.
You hit the giant cockroach.
The giant cockroach waves its antennae.
The giant cockroach bites you but does no damage.
You hit the giant cockroach. You claw the giant cockroach.
The giant cockroach bites you but does no damage. 😎 MP[+1]
Your mp is fully restored (6).
You hit the giant cockroach but do no damage.
Your headbutt misses the giant cockroach.
The giant cockroach closely misses you.
You barely miss the giant cockroach. You headbutt the giant cockroach.
You kill the giant cockroach!
Your transformation is almost over.
Your horns disappear.
Your talons disappear.
There is a stone staircase leading up here.
You open the door.
There is an open door here.
Found a shadowy altar of Dithmenos.
You open the door. 2 orcs come into view.
An orc is wielding a +2 mace of holy wrath.
There are monsters nearby!
There are monsters nearby!
Casting: Beastly Appendage (safe; 6% risk of failure)
Confirm with . or Enter, or press ? or * to list all spells.
You grow a pair of large bovine horns.
Your feet morph into talons.
The orc shouts! x2
An orc comes into view. It is wielding a +0 dagger.
The orc shouts!
Your transformation is almost over. 😎 MP[-1]
You lost 1 mp, and now have 5/6 mp.
The orc hits you with a +2 mace of holy wrath!
You convulse.
* * * LOW HITPOINT WARNING * * *
😨 HP[-13]
You take 13 damage, and now have 13/26 hp.
MASSIVE DAMAGE!! (PAUSE)
You hit the orc.
The orc hits you with a +2 mace of holy wrath.
* * * LOW HITPOINT WARNING * * *
You convulse.
* * * LOW HITPOINT WARNING * * *
😨 HP[-6]
You take 6 damage, and now have 7/26 hp.
MASSIVE DAMAGE!! (PAUSE) Really quaff
b - a potion of lignification {!q}?
Really quaff the potion of lignification?
Your horns disappear.
Your talons disappear.
You turn into a tree.
Your +0 robe melds into your body.
Your roots penetrate the ground. 😨 HP[+4]
You now have 39 max hp (+13).
You regained 4 hp, and now have 11/39 hp.
You hit the orc.
The orc hits you with a +2 mace of holy wrath.
* * * LOW HITPOINT WARNING * * *
You convulse.
* * * LOW HITPOINT WARNING * * *
😱 HP[-10]
You take 10 damage, and now have 1/39 hp.
MASSIVE DAMAGE!! (PAUSE) Unknown command.
You feel better.
The orc hits you but does no damage. 😱 HP[+7]
You regained 7 hp, and now have 8/39 hp.
You barely miss the orc. The orc hits you but does no damage. x2
The orc hits you with a +2 mace of holy wrath.
* * * LOW HITPOINT WARNING * * *
You convulse.
You die...

Skill      XL: |  1  2  3 |
---------------+----------+-----
Transmutations | 2 |  2.9
Unarmed Combat | 3 |  3.1
Poison Magic   | 1 |  1.0
Fighting       | |  1.0
Dodging        | |  1.7
Spellcasting   | |  2.4

Action                   || total
-------------------------++-------
Melee: Unarmed           ||    99
       Headbutt          ||    15
       Kick              ||    23
       Punch             ||     1
 Cast: Beastly Appendage ||    31
       Spider Form       ||     1
  Use: Scroll            ||     6
       Potion            ||     2
 Stab: Sleeping          ||    12
Armor: Robe              ||    13
       Skin              ||     3
Dodge: Dodged            ||    49

Levels and vault maps discovered:
D:1:      lightli_arrival_lavapool, layout_loops_ring, serial_shops, shop_coins
D:2:      layout_basic, serial_shops, shop
D:3:      layout_basic, nicolae_overflow_hidden_temple, serial_shops, shop,
          nicolae_eternal_life

Notes
Turn   | Place    | Note
-------+----------+-------------------------------------------
     0 | D:1      | kae the Demonspawn Transmuter began the quest for the Orb.
     0 | D:1      | Reached XP level 1. HP: 15/15 MP: 3/3
     0 | D:1      | magus.rc [v1.11.3]
    64 | D:1      | Reached skill level 2 in Transmutations
   168 | D:1      | Gained mutation: You have a somewhat thin skeletal
                  | structure. (Dex +2, Stealth+) [demonic ancestry]
   168 | D:1      | Reached XP level 2. HP: 16/21 MP: 3/5
   191 | D:1      | You pick up a book of Geomancy and begin reading...
   191 | D:1      | You add the spells Sandblast, Passwall and Stone Arrow to
                  | your library.
   312 | D:1      | Learned a level 2 spell: Wereblood
   556 | D:1      | Reached skill level 3 in Unarmed Combat
   578 | D:1      | Found Veezo Xofa's General Store.
   605 | D:1      | Bought a scroll of identify for 24 gold pieces
   605 | D:1      | Bought a potion of curing for 36 gold pieces
   968 | D:2      | Found Teiqidgh's Antique Armour Shop.
  1079 | D:2      | Gained mutation: You sometimes gain a little power by
                  | taking damage. [demonic ancestry]
  1079 | D:2      | Reached XP level 3. HP: 26/26 MP: 4/6
  1083 | D:2      | Learned a level 3 spell: Spider Form
  1093 | D:2      | You pick up a book of Blood and begin reading...
  1093 | D:2      | You add the spells Sublimation of Blood and Summon Hydra to
                  | your library.
  2095 | D:3      | Reached skill level 1 in Poison Magic
  2306 | D:3      | Found a shadowy altar of Dithmenos.
  2320 | D:3      | HP: 6/39 [orc/+2 mace of holy wrath (5)]
  2320 | D:3      | HP: 1/39 [orc/+2 mace of holy wrath (5)]
  2322 | D:3      | Slain by an orc

Vanquished Creatures
  An adder (D:3)
  2 dart slugs
  An orc (D:3)
  2 bats (D:3)
  6 endoplasms
  7 giant cockroaches
  7 goblins
  2 hobgoblins
  A kobold (D:1)
  7 ball pythons
  4 frilled lizards
  8 rats
48 creatures vanquished.

Table legend:
 A = Non-vault XP
 B = Vault XP
 C = Vault XP percentage of total XP
 D = Non-vault monster count
 E = Vault monster count
 F = Vault count percentage of total count
                 A         B        C        D         E       F
            +---------+---------+-------+---------+---------+-------
      Total |      93 |       0 |   0.0 |      48 |       0 |   0.0
            +---------+---------+-------+---------+---------+-------
        D:1 |      36 |       0 |   0.0 |      21 |       0 |   0.0
        D:2 |      11 |       0 |   0.0 |       8 |       0 |   0.0
        D:3 |      46 |       0 |   0.0 |      19 |       0 |   0.0
            +---------+---------+-------+---------+---------+-------

Illustrated notes

Table legend:
 A = Kills in this place as a percentage of kills in entire the game.
 B = Kills by you in this place as a percentage of kills by you in the entire game.
 C = Kills by friends in this place as a percentage of kills by friends in the entire game.
 D = Other kills in this place as a percentage of other kills in the entire game.
 E = Experience gained in this place as a percentage of experience gained in the entire game.
 F = Experience gained in this place divided by the number of levels of this place that you have seen.
                   A       B       C       D       E      F
               +-------+-------+-------+-------+-------+----------------------
         Total | 100.0 | 100.0 |   N/A |   N/A | 100.0 |  31.0
       Dungeon | 100.0 | 100.0 |   N/A |   N/A | 100.0 |  31.0
               +-------+-------+-------+-------+-------+----------------------

Table legend: (Time is in decaauts)
 A = Elapsed time spent in this place.
 B = Non-inter-level travel time spent in this place.
 C = Inter-level travel time spent in this place.
 D = Time resting spent in this place.
 E = Time spent auto-exploring this place.
 F = Levels seen in this place.
 G = Mean time per level.
                   A        B        C        D        E       F      G
               +--------+--------+--------+--------+--------+-----+--------+
         Total |   2315 |   2212 |    103 |     28 |   1838 |   3 |  771.7 |
       Dungeon |   2315 |   2212 |    103 |     28 |   1838 |   3 |  771.7 |
               +--------+--------+--------+--------+--------+-----+--------+

Top non-repeatable levels by time:
     D:1: 888 daAuts
     D:2: 766 daAuts
     D:3: 660 daAuts
